 Dungeon Crawl Stone Soup version 0.25.0-9-g26727b657a (webtiles) character file.

Game seed: 15497408315685300142

87 mopl the Insei (level 4, -1/25 HPs)
             Began as a Kobold Transmuter on June 18, 2020.
             Slain by a gnoll
             ... wielding a +0 spear
              (3 damage)
             ... on level 2 of the Dungeon.
             The game lasted 00:03:27 (2295 turns).

mopl the Insei (Kobold Transmuter)                  Turns: 2295, Time: 00:03:27

Health: -1/25      AC:  2    Str:  8    XL:     4   Next: 80%
Magic:  3/8        EV: 20    Int: 14    God:
Gold:   109        SH:  0    Dex: 20    Spells: 2/8 levels left

rFire    . . .     SeeInvis .     - Unarmed
rCold    . . .     Gourm    .   (shield currently unavailable)
rNeg     . . .     Faith    .   (armour currently unavailable)
rPois    x         Spirit   .   (helmet currently unavailable)
rElec    .         Reflect  .   (cloak currently unavailable)
rCorr    .         Harm     .   (gloves currently unavailable)
MR       .....                  (boots currently unavailable)
Stlth    +.........             (no amulet)
HPRegen  0.08/turn              m - ring of attention (curse)
MPRegen  0.11/turn              (no ring)

@: spider-form (expiring), very slightly contaminated
A: tiny, carnivore
a: End Transformation


You were on level 2 of the Dungeon.
You were very full.
You were a venomous arachnid creature.
You visited 1 branch of the dungeon, and saw 2 of its levels.

You collected 109 gold pieces.

Inventory:

Hand Weapons
 b - a +0 hunting sling
Missiles
 a - 28 arrows
 i - 49 stones (quivered)
 k - 13 sling bullets
Armour
 h - a +0 robe (melded)
Jewellery
 m - a cursed ring of attention (left front leg)
Scrolls
 g - a scroll of teleportation {unknown}
 l - 2 scrolls of identify {unknown}
 o - a scroll of fog {unknown}
 q - 2 scrolls of magic mapping {unknown}
 s - a scroll of immolation {unknown}
Potions
 c - 2 potions of invisibility {unknown}
 e - a potion of might {unknown}
 f - a potion of heal wounds {unknown}
 j - a potion of flight {unknown}
 n - a potion of magic {unknown}
 p - a potion of berserk rage {unknown}
 r - 5 potions of curing {unknown}
 u - a potion of brilliance {unknown}
Comestibles
 d - 7 rations


   Skills:
 - Level 1.1 Fighting
 - Level 2.4 Dodging
 * Level 4.2 Unarmed Combat
 + Level 2.9 Spellcasting
 + Level 2.8 Transmutations
 + Level 0.3 Poison Magic


You had 2 spell levels left.
You knew the following spells:

 Your Spells              Type           Power        Failure   Level  Hunger
a - Beastly Appendage     Tmut           ##....       19%         1    #......
b - Spider Form           Tmut/Pois      #.........   56%         3    ###....
w - Sticks to Snakes      Tmut           ##......     24%         2    ##.....

Your spell library contained the following spells:

 Spells                   Type           Power        Failure   Level  Hunger
 Ice Form                 Ice/Tmut       #.......     90%         4    #####..
 Blade Hands              Tmut           ##........   96%         5    ######.


Dungeon Overview and Level Annotations

Branches:
Dungeon (2/15)

Altars:
Gozag


Innate Abilities, Weirdness & Mutations

You are small and have problems with some larger weapons.
You are carnivorous and can eat meat at any time.


Message History

You hit the gnoll.
You kill the gnoll!
The gnoll closely misses you.
You completely miss the gnoll. The gnoll barely misses you.
The gnoll hits you with a +0 spear!
* * * LOW HITPOINT WARNING * * *
You hit the gnoll.
The gnoll is poisoned.
The gnoll is heavily wounded.
The gnoll hits you but does no damage. The gnoll barely misses you.
You hit the gnoll.
The gnoll looks as sick as possible!
The gnoll is heavily wounded.
The gnoll misses you. x2
You barely miss the gnoll.
The gnoll is severely wounded.
The gnoll closely misses you.
The gnoll hits you from afar with a +0 spear.
* * * LOW HITPOINT WARNING * * *
You kill the gnoll!
The gnoll hits you with a +0 spear.
You die...

.P......#...#####.#
.#...P..#.### ##.## ##
.'......#.######...## ..#
.....)..#.....#.#.#.#####.##.##
.....P....###...g#............
.P.....P#.# ###.###.#######..#
.##P###P#.# #)## ##.# #..# ..
.... ..# ##.###..# #..# ## ##.
### ##s#.#.# #..# # ##g##g##
#..# ### ###...#####..####
..### #...)..gg...... ....#
#...#####..#### ###.# #####
#...## # #.# #....# ###.#
#...g# ....##. #.##.#


You could see a gnoll.

Vanquished Creatures
  An adder (D:2)
  2 gnolls (D:2)
  An ooze (D:2)
  2 dart slugs
  A leopard gecko (D:1)
  5 bats
  2 giant cockroaches
  2 goblins (D:2)
  12 hobgoblins
  4 jackals (D:2)
  5 kobolds
  A quokka (D:2)
  3 ball pythons
  3 frilled lizards
  4 rats
48 creatures vanquished.

Notes
Turn   | Place    | Note
-------+----------+-------------------------------------------
     0 | D:1      | mopl the Kobold Transmuter began the quest for the Orb.
     0 | D:1      | Reached XP level 1. HP: 12/12 MP: 3/3
   171 | D:1      | Reached XP level 2. HP: 5/16 MP: 3/5
   394 | D:1      | Learned a level 2 spell: Sticks to Snakes
   978 | D:1      | Reached XP level 3. HP: 16/20 MP: 4/6
   983 | D:1      | Learned a level 3 spell: Spider Form
  1182 | D:1      | Found an opulent altar of Gozag.
  1694 | D:2      | Reached XP level 4. HP: 10/25 MP: 6/8
  1984 | D:2      | Reached skill level 4 in Unarmed Combat
  2295 | D:2      | Slain by a gnoll

Illustrated notes

Levels and vault maps discovered:
D:1:      sevenhm_arrival_forest_fort_small_5, layout_basic,
          serial_bayou_pond_a, kennysheep_flooded_box,
          hangedman_decor_clover_reticule
D:2:      cheibrodos_old_hovel, layout_loops_ring,
          gammafunk_temple_overflow_pools

Skill      XL: |  1  2  3  4 |
---------------+-------------+-----
Unarmed Combat | 4 |  4.2
Fighting       | |  1.1
Dodging        | |  2.4
Spellcasting   | |  2.9
Transmutations | |  2.8
Poison Magic   | |  0.3

Action                   |  1- 3 |  4- 6 || total
-------------------------+-------+-------++-------
Melee: Unarmed           |   131 |    49 ||   180
       Kick              |    23 |     2 ||    25
       Headbutt          |     5 |     3 ||     8
       Punch             |     1 |       ||     1
 Cast: Beastly Appendage |    25 |     4 ||    29
       Spider Form       |       |     1 ||     1
  Eat: Chunk             |    11 |     2 ||    13
Armor: Robe              |    16 |     8 ||    24
       Skin              |       |     1 ||     1
Dodge: Dodged            |    83 |    32 ||   115
